 Dungeon Crawl Stone Soup version 0.29.1-15-g9cfb28693d (webtiles) character file.

Game seed: 12232879942143101127

94394 leetdood the Severer (level 15, 0/143 HPs)
             Began as a Minotaur Fighter on Mar 12, 2023.
             Was the Champion of Okawaru.
             Killed from afar by an ironbound frostheart (35 damage)
             ... by creeping frost
             ... in an ice cave.
             The game lasted 01:18:28 (24307 turns).

leetdood the Severer (Minotaur Fighter)            Turns: 24307, Time: 01:18:35

Health: 0/143      AC: 22    Str: 28    XL:     15   Next: 63%
Magic:  21/21      EV: 11    Int: 10    God:    Okawaru [******]
Gold:   664        SH: 13    Dex: 10    Spells: 14/14 levels left

rFire   . . .      SeeInvis .   H - +6 broad axe (flame)
rCold   . . .      Faith    .   W - +0 kite shield
rNeg    + . .      Spirit   .   x - +0 plate armour
rPois   .          Reflect  .   P - +1 hat
rElec   .          Harm     .   u - +0 cloak
rCorr   .          Rampage  .   U - +1 pair of gloves "Lecwej" {+Inv}
Will    ++...                   (no boots)
Stlth   ..........              O - amulet of regeneration
HPRegen 1.13/turn               h - +4 ring of evasion
MPRegen 0.17/turn               R - ring of Foefu {rN+ Will+ Int+5 Stlth+}

@: frozen, very slow
A: horns 2, retaliatory headbutt
a: Renounce Religion, Evoke Invisibility, Heroism, Finesse, Duel


You were in an ice cave.
You worshipped Okawaru.
Okawaru was exalted by your worship.
You visited 3 branches of the dungeon, and saw 21 of its levels.
You visited the Abyss 1 time.
You also visited: Ice Cave.

You collected 1552 gold pieces.
You spent 888 gold pieces at shops.

Inventory:

Hand Weapons
 q - the +3 executioner's axe of Owanaimma {antimagic, rPois Dex+5}
   (Okawaru gifted it to you on level 5 of the Lair of Beasts)

   It reduces the magical energy of the wielder, and disrupts the spells and
   magical abilities of those it strikes.
   Natural abilities and divine invocations are not affected.
   Dex:       It affects your dexterity (+5).
   rPois:     It protects you from poison.
 H - a +6 broad axe of flaming (weapon)
 T - a +3 vorpal war axe
 V - the +11 hand axe of the Original Sin {drain, rF+}
   (Okawaru gifted it to you on level 14 of the Dungeon)

   A truly terrible weapon, it drains the life of any living foe it strikes.
   rF:        It protects you from fire.
Missiles
 k - 4 boomerangs (quivered)
 A - 12 curare-tipped darts
 I - 2 atropa-tipped darts
 J - 4 javelins
Armour
 u - a +0 cloak (worn)
 x - a +0 plate armour (worn)
 P - a +1 hat (worn)
 U - the +1 pair of gloves "Lecwej" (worn) {+Inv}
   (You acquired it on level 5 of the Dungeon)

   +Inv:      It lets you turn invisible.
 W - a +0 kite shield (worn)
Jewellery
 h - a +4 ring of evasion (left hand)
 o - a +4 ring of evasion
 y - a ring of poison resistance
 F - a ring of flight
 O - an amulet of regeneration (around neck)
 Q - a ring of willpower
 R - the ring of Foefu (right hand) {rN+ Will+ Int+5 Stlth+}
   (You found it on level 2 of the Lair of Beasts)

   [ring of willpower]

   Int:       It affects your intelligence (+5).
   rN:        It protects you from negative energy.
   Will:      It increases your willpower.
   Stlth:     It makes you more stealthy.
Wands
 a - a wand of digging (10)
 p - a wand of iceblast (3)
 v - a wand of acid (17)
 w - a wand of flame (36)
 K - a wand of paralysis (24)
 M - a wand of polymorph (11)
 S - a wand of mindburst (5)
Scrolls
 b - 2 scrolls of poison
 e - 6 scrolls of enchant armour
 f - 7 scrolls of immolation
 l - 2 scrolls of blinking
 m - 7 scrolls of fear
 n - 6 scrolls of fog
 s - 10 scrolls of teleportation
 z - 3 scrolls of identify
 E - a scroll of silence
 G - 5 scrolls of magic mapping
Potions
 c - a potion of cancellation
 d - 5 potions of might
 g - 8 potions of ambrosia
 i - 2 potions of haste
 j - 11 potions of curing
 r - 4 potions of flight
 t - a potion of heal wounds
 B - 3 potions of brilliance
 C - 3 potions of invisibility
 D - 3 potions of magic
 L - 2 potions of resistance
 N - 2 potions of berserk rage


   Skills:
 + Level 15.6 Fighting
 - Level 18.0 Axes
 + Level 15.6 Armour
 + Level 15.7 Shields
 - Level 10.0 Invocations


You had 14 spell levels left.
You didn't know any spells.
Your spell library contained the following spells:

 Spells                   Type           Power      Damage    Failure   Level
 Apportation              Tloc           0%         N/A       98%         1
 Beastly Appendage        Tmut           0%         N/A       98%         1
 Slow                     Hex            0%         N/A       98%         1
 Sting                    Tmut/Pois      0%         1d3       98%         1
 Poisonous Vapours        Pois/Air       0%         N/A       99%         2
 Dazzling Flash           Conj/Hex       0%         N/A       100%        3
 Gell's Gravitas          Tloc           0%         N/A       100%        3
 Lesser Beckoning         Tloc           0%         N/A       100%        3
 Portal Projectile        Hex/Tloc       0%         N/A       100%        3
 Teleport Other           Tloc           0%         N/A       100%        3
 Corpse Rot               Necr/Pois/Air  0%         N/A       100%        4
 Olgreb's Toxic Radiance  Pois           0%         N/A       100%        4
 Passage of Golubria      Tloc           0%         N/A       100%        4
 Agony                    Necr           0%         N/A       100%        5
 Alistair's Intoxication  Tmut/Pois      0%         N/A       100%        5
 Blade Hands              Tmut           0%         N/A       100%        5
 Borgnjor's Vile Clutch   Necr/Erth      0%         N/A       100%        5
 Fireball                 Conj/Fire      0%         3d3       100%        5
 Iskenderun's Battlesphe  Conj           0%         2d6       100%        5
 Silence                  Hex/Air        0%         N/A       100%        5
 Iron Shot                Conj/Erth      0%         9d1       100%        6
 Starburst                Conj/Fire      0%         6d3       100%        6
 Ozocubu's Refrigeration  Ice            0%         4d7       100%        7
 Ignition                 Fire           0%         3d3       100%        8
 Lehudib's Crystal Spear  Conj/Erth      0%         10d2      100%        8
 Summon Small Mammal      Summ           Unusable   N/A       N/A         1
 Tukima's Dance           Hex            Unusable   N/A       N/A         3
 Animate Dead             Necr           Unusable   N/A       N/A         4
 Death Channel            Necr           Unusable   N/A       N/A         6
 Spellforged Servitor     Conj/Summ      Unusable   N/A       N/A         7

Dungeon Overview and Level Annotations

Branches:
Dungeon (15/15)            Temple (1/1) D:7            Lair (5/5) D:10
 Shoals (0/4) Lair:3       Spider (0/4) Lair:2        Slime (0/5) Lair:5
    Orc (0/2) D:12         Vaults (0/5) D:13          IceCv (1/1)
 Depths: D:15

Altars:
Ashenzari
Fedhas
Hepliaklqana
Kikubaaqudgha
Makhleb
Nemelex Xobeh
Okawaru
Qazlal
Trog
Uskayaw
Wu Jian
Xom
The Shining One
Jiyva

Shops:
D:5 ?

Portals:
Trove: D:11 (show slimy rune of Zot)

Annotations:
Lair:3 exclusion: oklob plant


Innate Abilities, Weirdness & Mutations

You have a pair of horns on your head.
You reflexively headbutt those who attack you in melee.


Message History

You slash the polar bear! You burn the polar bear.
You headbutt the polar bear, but do no damage.
The polar bear is severely wounded.
You barely miss the polar bear.
The polar bear is severely wounded.
You slash the polar bear! You burn the polar bear.
You kill the polar bear!
Okawaru accepts your kill.
You start resting.
Magic restored.
You start resting.
Your hands slow down.
You start resting.
You feel like a meek peon again.
You start resting.
HP restored.
No target in view!
Items here: †††††.
You enter the shallow water.
Moving in this stuff is going to be slow.
Things that are here:
a +0 ring mail; a polar bear corpse You see here a rime drake corpse.
An ironbound frostheart comes into view.
The ironbound frostheart shouts!
You hear a roar!
An ironbound frostheart comes into view.
A white draconian comes into view.
It is wielding a +0 morningstar of freezing.
The ironbound frostheart shouts!
You hear a shout!
An ironbound frostheart comes into view.
The ironbound frostheart calls freezing cold from the walls.
The frost grips you!!
You are encased in ice.
The ironbound frostheart touches you! The ironbound frostheart freezes you!!
The ironbound frostheart calls freezing cold from the walls.
The frost grips you!!!
* * * LOW HITPOINT WARNING * * *
The ironbound frostheart calls freezing cold from the walls.
The frost grips you!!
You die...

## #p
#p #.
#d
#p##
#.@##
##..#
##.##
#..#
##.#
##..#
##..##
#...#
#...#
.


You could see a white draconian and 3 ironbound frosthearts.

Vanquished Creatures
  Gastronok (Lair:1)
  Snorg (Lair:5)
  A vault guard (D:13)
  16 hydras
  2 catoblepae (Lair:5)
  Erolcha (D:9)
  2 boulder beetles
  An ironbound frostheart (IceCv)
  3 centaur warriors
  5 two-headed ogres
  A deep troll shaman (Lair:5)
  A tengu warrior (D:13)
  9 death yaks (Lair:5)
  Sonja (D:13)
  8 skeletal warriors
  A wizard (D:13)
  3 necromancers
  An orange crystal statue (IceCv)
  2 deep elf pyromancers
  A lindwurm (Lair:5)
  3 large abominations (Abyss:4)
  3 manticores
  18 ugly things
  5 cyclopes
  4 black mambas
  9 elephants (Lair:5)
  10 cane toads
  2 gargoyles (D:12)
  2 kobold demonologists
  2 unseen horrors
  A hellion (Abyss:4)
  Maggie (Lair:1)
  21 rime drakes
  A komodo dragon (shapeshifter) (D:14)
  6 komodo dragons
  A freezing wraith (D:13)
  5 tengu conjurers
  A queen bee (D:10)
  16 polar bears
  4 trolls
  17 blink frogs
  A blink frog (shapeshifter) (D:14)
  6 slime creatures
  4 basilisks
  28 yaks
  7 wyverns
  21 humans (D:13)
  3 wraiths
  Grum (D:9)
  A redback (Lair:2)
  5 vampire mosquitoes
  A neqoxec (Abyss:4)
  An acid dragon (D:10)
  14 water moccasins
  A sky beast (D:8)
  2 black bears
  A swamp drake (Lair:5)
  6 orc warriors
  6 ogres
  2 ice beasts
  27 wolves
  4 centaurs
  A small abomination (D:10)
  A phantom (D:5)
  8 kobold brigands
  2 necrophages
  6 gnoll sergeants
  8 bullfrogs
  8 scorpions
  8 wights
  24 killer bees (D:10)
  9 howler monkeys
  4 electric eels
  7 jellies
  11 hounds
  6 orc priests
  Crazy Yiuf (D:3)
  A gnoll bouda (D:7)
  2 iguanas
  Terence (D:2)
  7 orc wizards
  Natasha (twice) (D:4)
  6 hell rats (Lair:5)
  4 polar bear simulacra (D:10)
  4 wolf simulacra (D:10)
  A yak simulacrum (D:10)
  17 gnolls
  7 adders
  3 ufetubi
  A worm (D:2)
  A dart slug (D:4)
  48 orcs
  24 endoplasms
  2 giant cockroaches
  2 goblins
  4 hobgoblins
  A jackal (D:3)
  10 quokkas
  5 ball pythons
  10 bats
  5 frilled lizards
  36 kobolds
  9 rats
  2 river rat simulacra (D:10)
  A bush (Lair:5)
655 creatures vanquished.

Vanquished Creatures (others)
  29 fungi
  22 plants
51 creatures vanquished.

Grand Total: 706 creatures vanquished

Notes
Turn   | Place    | Note
-------+----------+-------------------------------------------
     0 | D:1      | leetdood the Minotaur Fighter began the quest for the Orb.
     0 | D:1      | Reached XP level 1. HP: 19/19 MP: 0/0
   178 | D:1      | Reached XP level 2. HP: 27/27 MP: 1/1
   540 | D:2      | Reached skill level 3 in Axes
   540 | D:2      | Reached XP level 3. HP: 30/33 MP: 2/2
   665 | D:2      | Noticed Terence
   671 | D:2      | Killed Terence
   672 | D:2      | Reached XP level 4. HP: 40/40 MP: 3/3
  1606 | D:3      | Reached skill level 4 in Axes
  1659 | D:3      | Found a faded altar of an unknown god.
  1723 | D:3      | Found a runed translucent door.
  1724 | D:3      | Noticed Crazy Yiuf
  1734 | D:3      | Killed Crazy Yiuf
  1735 | D:3      | Reached XP level 5. HP: 14/47 MP: 4/4
  2504 | D:4      | Noticed Natasha
  2511 | D:4      | Killed Natasha
  2701 | D:4      | Reached skill level 5 in Shields
  2701 | D:4      | Reached XP level 6. HP: 52/55 MP: 5/5
  2968 | D:4      | Reached skill level 5 in Axes
  2974 | D:4      | Noticed Natasha
  2979 | D:4      | Reached skill level 5 in Fighting
  2979 | D:4      | Reached skill level 5 in Armour
  2981 | D:4      | Killed Natasha
  3315 | D:5      | Entered Level 5 of the Dungeon
  3328 | D:5      | Reached XP level 7. HP: 60/61 MP: 6/6
  3349 | D:5      | Reached skill level 6 in Axes
  3356 | D:5      | Found an ancient bone altar of Kikubaaqudgha.
  3896 | D:5      | Found Xegely's Magic Scroll Shoppe.
  3905 | D:5      | Bought a scroll of identify for 24 gold pieces
  3905 | D:5      | Bought a scroll of teleportation for 36 gold pieces
  3905 | D:5      | Bought a scroll of enchant armour for 90 gold pieces
  3905 | D:5      | Bought a scroll of enchant weapon for 90 gold pieces
  3905 | D:5      | Bought a scroll of identify for 24 gold pieces
  3929 | D:5      | Found a burning altar of Makhleb.
  3931 | D:5      | Found a hazy altar of Hepliaklqana.
  3947 | D:5      | Reached skill level 7 in Axes
  4101 | D:5      | Reached XP level 8. HP: 66/70 MP: 7/7
  4233 | D:5      | Got Spellcasting for Absolute Beginners
  4468 | D:6      | Reached skill level 8 in Axes
  4834 | D:6      | Found a stormy altar of Qazlal.
  5410 | D:7      | Reached skill level 9 in Axes
  5620 | D:7      | Reached XP level 9. HP: 79/79 MP: 8/8
  6072 | D:7      | Found a staircase to the Ecumenical Temple.
  6082 | Temple   | Entered the Ecumenical Temple
  6088 | Temple   | Became a worshipper of Warmaster Okawaru
  6535 | D:8      | Found the +7 Singing Sword {vorpal, sonic wave}
  6547 | D:8      | Reached skill level 10 in Axes
  6750 | D:8      | Reached * piety under Okawaru
  6847 | D:8      | Found a bloodstained altar of Trog.
  6847 | D:8      | Found a broken altar of Ashenzari.
  7077 | D:8      | Noticed a two-headed ogre
  7145 | D:9      | Noticed Erolcha
  7146 | Abyss:1  | Cast into level 1 of the Abyss (Erolcha)
  7187 | Abyss:2  | Found a corrupted altar of Lugonu.
  7216 | Abyss:2  | Found a corrupted altar of Lugonu.
  7307 | Abyss:3  | Noticed a smoke demon
  7314 | Abyss:4  | Noticed a large abomination
  7318 | Abyss:4  | Noticed a dread lich
  7323 | Abyss:4  | Killed a large abomination
  7331 | Abyss:4  | Reached ** piety under Okawaru
  7338 | Abyss:4  | Reached skill level 11 in Axes
  7376 | Abyss:4  | Noticed a hellion
  7381 | Abyss:4  | Reached XP level 10. HP: 56/90 MP: 9/9
  7546 | D:9      | Escaped the Abyss
  7551 | D:10     | Entered Level 10 of the Dungeon
  7640 | D:10     | Found a shimmering altar of Xom.
  7932 | D:10     | Reached *** piety under Okawaru
  7959 | D:10     | Received a gift from Okawaru
  7969 | D:10     | Reached skill level 12 in Axes
  8286 | D:10     | Found a staircase to the Lair.
  8377 | D:10     | Noticed a skeletal warrior
  8387 | D:10     | Noticed a skeletal warrior
  8395 | D:9      | Killed Erolcha
  8396 | D:9      | Reached skill level 1 in Invocations
  8589 | D:9      | Noticed a two-headed ogre
  8600 | D:9      | Killed a two-headed ogre
  8772 | D:9      | Found an ornate altar of the Wu Jian Council.
  8865 | D:9      | Noticed Grum
  8878 | D:9      | Reached XP level 11. HP: 73/99 MP: 8/11
  8882 | D:9      | Reached **** piety under Okawaru
  8887 | D:9      | Killed Grum
  9249 | D:9      | Reached skill level 10 in Shields
  9319 | D:9      | Reached skill level 13 in Axes
  9412 | D:9      | Reached skill level 10 in Armour
  9829 | D:8      | Reached skill level 10 in Fighting
 10346 | D:8      | Killed a two-headed ogre
 10881 | D:10     | Noticed a skeletal warrior
 10886 | D:10     | Killed a skeletal warrior
 10900 | D:10     | Killed a skeletal warrior
 10905 | D:10     | Killed a skeletal warrior
 11012 | D:10     | Noticed a two-headed ogre
 11024 | D:10     | Killed a two-headed ogre
 11024 | D:10     | Reached ***** piety under Okawaru
 11369 | D:10     | Received a gift from Okawaru
 11563 | D:10     | Identified the +1 leather armour "Suiqiebi" {rF+}
 11614 | D:10     | Noticed a necromancer
 11624 | D:10     | Killed a necromancer
 12202 | Lair:1   | Entered Level 1 of the Lair of Beasts
 12214 | Lair:1   | Reached skill level 14 in Axes
 12343 | Lair:1   | Noticed Gastronok
 12359 | Lair:1   | Killed Gastronok
 12359 | Lair:1   | Identified the +2 robe "Tuapt" {rC- Regen+ rCorr} (Okawaru
                  | gifted it to you on level 1 of the Lair of Beasts)
 12359 | Lair:1   | Received a gift from Okawaru
 12589 | Lair:1   | Noticed Maggie
 12598 | Lair:1   | Killed Maggie
 12706 | Lair:1   | Reached XP level 12. HP: 77/108 MP: 14/14
 12921 | Lair:1   | Noticed a seven-headed hydra
 12929 | Lair:1   | Killed a four-headed hydra
 13510 | Lair:2   | Reached skill level 5 in Invocations
 13747 | Lair:2   | Noticed an eight-headed hydra
 13758 | Lair:2   | Killed a four-headed hydra
 13759 | Lair:2   | Reached skill level 15 in Axes
 13949 | Lair:2   | Noticed a five-headed hydra
 13960 | Lair:2   | Killed a two-headed hydra
 14219 | Lair:2   | Found a hole to the Spider Nest.
 14231 | Lair:2   | Noticed a seven-headed hydra
 14239 | Lair:2   | Killed a three-headed hydra
 14301 | Lair:2   | Identified the ring of Foefu {rN+ Will+ Int+5 Stlth+}
 14941 | Lair:3   | Noticed a boulder beetle
 14956 | Lair:3   | Killed a boulder beetle
 15098 | Lair:3   | Noticed an eight-headed hydra
 15112 | Lair:3   | Killed a six-headed hydra
 15200 | Lair:3   | Found a staircase to the Shoals.
 16191 | Lair:4   | Noticed a six-headed hydra
 16201 | Lair:4   | Killed a three-headed hydra
 16201 | Lair:4   | Received a gift from Okawaru
 16202 | Lair:4   | Reached XP level 13. HP: 86/118 MP: 16/16
 16206 | Lair:4   | Reached skill level 16 in Axes
 16967 | Lair:5   | Entered Level 5 of the Lair of Beasts
 17415 | Lair:5   | Reached ****** piety under Okawaru
 17573 | Lair:5   | Found a staircase to the Slime Pits.
 17573 | Lair:5   | Found a viscous altar of Jiyva.
 17758 | Lair:5   | Reached skill level 17 in Axes
 17942 | Lair:5   | Received a gift from Okawaru
 17972 | Lair:5   | Identified the +3 executioner's axe of Owanaimma
                  | {antimagic, rPois Dex+5} (Okawaru gifted it to you on level
                  | 5 of the Lair of Beasts)
 17972 | Lair:5   | Received a gift from Okawaru
 18154 | Lair:5   | Noticed Snorg
 18165 | Lair:5   | Killed Snorg
 18180 | Lair:5   | Reached XP level 14. HP: 126/129 MP: 11/18
 18621 | Lair:5   | Identified the +0 scale mail of New Discoveries {*Slow rF+
                  | Dex+3} (Okawaru gifted it to you on level 5 of the Lair of
                  | Beasts)
 18621 | Lair:5   | Received a gift from Okawaru
 19119 | D:11     | Found a portal to a secret trove of treasure.
 19900 | D:5      | Bought a scroll of acquirement for 624 gold pieces
 19900 | D:5      | Acquired the +1 pair of gloves "Lecwej" {+Inv}
 20094 | D:12     | Reached skill level 18 in Axes
 20377 | D:12     | Found a staircase to the Orcish Mines.
 20844 | D:12     | Found a sparkling altar of Nemelex Xobeh.
 20999 | D:13     | Noticed Sonja
 21009 | D:13     | Killed Sonja
 21092 | D:13     | Identified the +1 robe "Aduhooce" {rPois Stlth+}
 21480 | D:13     | Received a gift from Okawaru
 21501 | D:13     | Found a gate to the Vaults.
 21516 | D:13     | Identified the +8 war axe of Okawaru's Pride {flame, Will+
                  | Int+2} (Okawaru gifted it to you on level 13 of the
                  | Dungeon)
 21516 | D:13     | Received a gift from Okawaru
 22607 | D:14     | Reached XP level 15. HP: 131/139 MP: 21/21
 22937 | D:14     | Identified the +11 hand axe of the Original Sin {drain,
                  | rF+} (Okawaru gifted it to you on level 14 of the Dungeon)
 22937 | D:14     | Received a gift from Okawaru
 23015 | D:14     | Got An Introduction to Theurgy
 23244 | D:15     | Entered Level 15 of the Dungeon
 23520 | D:15     | Reached skill level 15 in Shields
 23596 | D:15     | Reached skill level 10 in Invocations
 23705 | D:15     | Found a frozen archway.
 23714 | IceCv    | Entered an ice cave
 23720 | IceCv    | Reached skill level 15 in Fighting
 23766 | IceCv    | Reached skill level 15 in Armour
 23933 | IceCv    | Identified the +4 flail "Hoizis" {drain, rElec rCorr Dex-4
                  | Stlth+}
 23956 | IceCv    | Received a gift from Okawaru
 24062 | IceCv    | Identified the +1 hat of Greed {Harm Rampage Dex-2 Stlth-}
                  | (Okawaru gifted it to you in an ice cave)
 24062 | IceCv    | Received a gift from Okawaru
 24307 | IceCv    | Killed from afar by an ironbound frostheart

Illustrated notes

Levels and vault maps discovered:
D:1:      saegor_arrival_simple_c, layout_rooms, minmay_misc_feat_secret_circle,
          hangedman_decor_points, grunt_decor_one_mirror
D:2:      layout_rooms, uniq_terence
D:3:      layout_loops_cross, dreamdust_ecumenical_altar_grove, chequers_jeans,
          kennysheep_minor_cross, minmay_close_crescents,
          uniq_crazy_yiuf_cottage
D:4:      layout_gridville, uniq_natasha
D:5:      layout_loops_ring, mainiacjoe_overflow_divided_tiny,
          mainiacjoe_overflow_concentric_impassable, serial_shops, shop_scrolls
D:6:      minmay_evil_eye, layout_loops_corners, lemuel_tele_altar
D:7:      layout_basic, minmay_temple_entry_poolview,
          nicolae_ossuary_entry_ruins
D:8:      old_forge, layout_basic, gammafunk_temple_overflow_pools,
          serial_rivers, chequers_serial_rivers_small_3,
          chequers_serial_rivers_small_a, chequers_serial_rivers_small_a,
          chequers_serial_rivers_micro_c, chequers_serial_rivers_room_a,
          minmay_crystal_water
D:9:      layout_irregular_city, pdpol_wu_jian_five_deadly_venoms,
          serial_column_ruins, column_ruins_hut_pillars,
          column_ruins_circle_large, column_ruins_grid_1,
          column_ruins_columns_straight, column_ruins_grid_1,
          column_ruins_open_tiny, uniq_erolcha, uniq_grum
D:10:     layout_roguey [special_room_bee], overflow_temple_1_default,
          erik_lair_island, eino_house_with_fridge
D:11:     layout_irregular_city, nicolae_trove_entry_crossroad,
          serial_bayou_ford_a, kennysheep_generic_room_15
D:12:     layout_basic, kennysheep_orc_monster_closet_entryway,
          nemelex_diamond_rough_becter
D:13:     layout_gridville, grunt_vaults_entry_tiered, st_stairs_4, uniq_sonja
D:14:     layout_loops_ring, roderic_lattice_octagonal_star
D:15:     hangedman_depths_entry_try_elsewhere_first, layout_stronghold,
          portal_ice_cave_entry_pillars_2, uniq_nessos
Temple:   compressed_dpeg_circular_temple
Lair:1:   layout_hall_layers, uniq_gastronok, uniq_maggie
Lair:2:   lemuel_slime, layout_regular_city, spider_nest_entry_rubble,
          grunt_megastairs_1
Lair:3:   layout_layer_cave, shoals_dummy_entry, nicolae_quartered_pool_medium
Lair:4:   layout_roguey, grunt_megastairs_3
Lair:5:   grunt_lair_end_beastmaster, layout_gridlike, slime_entry_1,
          hibernation_bobbens, uniq_snorg
IceCv:    ice_cave_caverns_02

Skill      XL: |  1  2  3  4  5  6  7  8  9 10 11 12 13 14 15 |
---------------+----------------------------------------------+-----
Fighting       | 4 5 6 7 8 9 10 12 13 14 15 | 15.6
Axes           | 3 4 5 7 9 11 12 14 15 17 18 | 18.0
Armour         | 4 5 6 7 8 9 10 12 13 14 15 | 15.6
Shields        | 4 5 6 7 8 9 11 12 13 14 15 | 15.7
Invocations    | 2 4 6 7 9 10 | 10.0

Action                   |  1- 3 |  4- 6 |  7- 9 | 10-12 | 13-15 || total
-------------------------+-------+-------+-------+-------+-------++-------
Melee: War axe           |    35 |   125 |   128 |       |       ||   288
       Headbutt          |     7 |    19 |    40 |    90 |   169 ||   325
       Broad axe         |       |       |   140 |   480 |   803 ||  1423
Invok: Heroism           |       |       |       |    14 |    10 ||    24
       Finesse           |       |       |       |     5 |     6 ||    11
  Use: Scroll            |       |     4 |     6 |    13 |     8 ||    31
       Potion            |       |       |     8 |     4 |     1 ||    13
 Stab: Distracted        |       |       |       |       |     1 ||     1
Armor: Scale mail        |     8 |    10 |       |       |       ||    18
       Chain mail        |       |    17 |       |       |       ||    17
       Plate armour      |       |    10 |    90 |   164 |   325 ||   589
Dodge: Dodged            |    27 |    66 |   141 |   256 |   235 ||   725
Block: Buckler           |     9 |    23 |    61 |   144 |   116 ||   353
       Kite shield       |       |       |       |       |   161 ||   161
